 Dungeon Crawl Stone Soup version 0.22-a0-157-g169b76a (webtiles) character file.

368 KristoblXynda the Sneak (level 6, -3/32 HPs)
             Began as a Spriggan Assassin on Feb 8, 2018.
             Was a Follower of Okawaru.
             Killed from afar by an orc wizard (9 damage)
             ... with a magic dart
             ... on level 3 of the Dungeon.
             The game lasted 00:06:55 (3025 turns).

KristoblXynda the Sneak (Spriggan Assassin)         Turns: 3025, Time: 00:06:56

Health: -3/32      AC:  3    Str: 12    XL:     6   Next: 41%
Magic:  7/7        EV: 20    Int: 13    God:    Okawaru [*.....]
Gold:   33         SH:  0    Dex: 18    Spells: 5/5 levels left

rFire    . . .     SeeInvis +   b - +0 blowgun
rCold    . . .     Gourm    .   (shield restricted)
rNeg     . . .     Faith    .   c - +0 robe
rPois    .         Spirit   .   (helmet restricted)
rElec    .         Reflect  .   d - +0 cloak
rCorr    .         Harm     .   (gloves unavailable)
MR       +....                  (boots unavailable)
Stlth    ++++......             (no amulet)
HPRegen  0.10/turn              v - +4 ring of strength
MPRegen  0.10/turn              (no ring)

@: hasted, very quick
A: very small, unfitting armour, see invisible, herbivore, speed 3, slow
metabolism 2
a: Heroism, Renounce Religion


You were on level 3 of the Dungeon.
You worshipped Okawaru.
Okawaru was aware of your devotion.
You were not hungry.

You visited 1 branch of the dungeon, and saw 4 of its levels.

You collected 105 gold pieces.
You spent 72 gold pieces at shops.

Inventory:

Hand Weapons
 a - a +2 dagger
 b - a +0 blowgun (weapon)
Missiles
 f - 2 curare-tipped needles (quivered)
Armour
 c - a +0 robe (worn)
 d - a +0 cloak (worn)
Jewellery
 v - a +4 ring of strength (left hand)
Scrolls
 h - a scroll of enchant weapon {unknown}
 i - a scroll of fear {unknown}
 k - 2 scrolls of remove curse
 n - a scroll of immolation {unknown}
 p - 2 scrolls of teleportation {unknown}
 r - 2 scrolls of blinking {unknown}
 t - a scroll of magic mapping {unknown}
 u - a scroll of amnesia {unknown}
 x - 2 scrolls of identify
Potions
 j - a potion of flight
 l - a potion of might {unknown}
 m - a potion of haste
 q - a potion of resistance
 s - a potion of agility {unknown}
 w - a potion of curing
 A - a potion of invisibility {unknown}
Comestibles
 g - 8 rations


   Skills:
 + Level 3.1 Fighting
 + Level 4.1 Short Blades
 - Level 2.0 Throwing
 + Level 4.8 Dodging
 + Level 7.8 Stealth


You had 5 spell levels left.
You didn't know any spells.

Dungeon Overview and Level Annotations

Branches:
Dungeon (4/15)
 Temple: D:4-7

Altars:
Cheibriados
Gozag
Okawaru

Shops:
D:4 !

Annotations:
D:2 1 runed door


Innate Abilities, Weirdness & Mutations

You are very small and have problems with some larger weapons.
You are too small for most types of armour.
You have supernaturally acute eyesight. (SInv)
You are a herbivore.
You cover ground extremely quickly.
You need consume almost no food.


Message History

You hit the orc wizard.
The orc wizard is almost dead.
The orc wizard gestures wildly while chanting.
The orc wizard blinks!
Wield which item (- for none, * to show all)? (? for menu, Esc to quit)
b - a +0 blowgun (weapon)
Unknown command.
Firing (i - inventory. (/) - cycle)
e - 2 poisoned needles (quivered)
Press: ? - help, Shift-Dir - straight line, f - orc wizard
Aim: an orc wizard, wielding a dagger and wearing a robe (almost dead, fast)
You shoot a poisoned needle.
The poisoned needle barely misses the orc wizard.
Firing (i - inventory. (/) - cycle)
e - a poisoned needle (quivered)
Press: ? - help, Shift-Dir - straight line, f/p - orc wizard
Aim: an orc wizard, wielding a dagger and wearing a robe (almost dead, fast)
You shoot a poisoned needle.
The poisoned needle barely misses the orc wizard.
The orc wizard gestures at you while chanting.
The magic dart hits you!
You die...

#####...#####.
..............
####(..#####. #
######......#####.
#.#..............###
[..##.#.##........#(....
.......†.+..............
.####.#.##.......##..#(.
#.#@####.....##..#.# #
#)# #.....##..#.# #(#
#.........#.# #(#
#####.....#.. #o#
#.....### #)######
#........ #......#
#....####
...##(.....###....####
..............)..÷÷...


You could see an orc wizard.

Vanquished Creatures
  2 orc priests (D:3)
  Jessica (D:2)
  2 orc wizards (D:3)
  2 worker ants (D:4)
  8 gnolls (D:4)
  3 adders
  3 dart slugs
  5 orcs (D:3)
  8 bats
  6 giant cockroaches
  8 goblins
  2 hobgoblins
  5 jackals
  6 kobolds
  2 quokkas (D:3)
  4 frilled lizards
  A quokka skeleton (D:4)
  4 rats (D:1)
72 creatures vanquished.

Notes
Turn   | Place    | Note
-------+----------+-------------------------------------------
     0 | D:1      | KristoblXynda the Spriggan Assassin began the quest for the Orb.
     0 | D:1      | Reached XP level 1. HP: 10/10 MP: 2/2
    44 | D:1      | Reached skill level 6 in Stealth
    56 | D:1      | Reached XP level 2. HP: 13/15 MP: 3/3
   840 | D:1      | Reached XP level 3. HP: 17/18 MP: 4/4
  1363 | D:2      | Noticed Jessica
  1368 | D:2      | Found a snail-covered altar of Cheibriados.
  1368 | D:2      | Found an opulent altar of Gozag.
  1371 | D:2      | Killed Jessica
  1386 | D:2      | Found an iron altar of Okawaru.
  1404 | D:2      | Became a worshipper of Warmaster Okawaru
  1414 | D:2      | Reached XP level 4. HP: 23/23 MP: 5/5
  1591 | D:2      | Found a runed door.
  1657 | D:2      | You fall through a shaft for 2 floors!
  1833 | D:3      | Reached skill level 7 in Stealth
  1833 | D:3      | Reached XP level 5. HP: 10/27 MP: 6/6
  1968 | D:3      | You fall through a shaft!
  2313 | D:4      | Found Koaxu Kett's Distillery.
  2320 | D:4      | Bought a potion of heal wounds for 60 gold pieces
  2328 | D:4      | Bought a potion of degeneration for 12 gold pieces
  2360 | D:4      | Reached * piety under Okawaru
  2372 | D:4      | Reached XP level 6. HP: 16/32 MP: 7/7
  3025 | D:3      | Killed from afar by an orc wizard

Vault maps used:
D:1:      mrwooster_arrival_arrow
D:2:      okawaru_metal_pillars_1_2, gammafunk_temple_overflow_elements,
          grunt_temple_overflow_open, hangedman_glass_teeth,
          kennysheep_minor_cross, corexii_item_surrounded_by_moat, st_stairs_7,
          palyth_stone_intersect, uniq_jessica, uniq_crazy_yiuf_cottage
D:4:      serial_shops, nicolae_shop_stone, first_ration

Skill      XL: |  1  2  3  4  5  6 |
---------------+-------------------+-----
Stealth        | 6 7 |  7.8
Dodging        | 2 3 4 |  4.8
Fighting       | 2 3 |  3.1
Short Blades   | 3 4 |  4.1
Throwing       | |  2.0

Action                   |  1- 3 |  4- 6 || total
-------------------------+-------+-------++-------
Melee: Dagger            |   106 |   193 ||   299
 Fire: Blowgun           |     3 |    24 ||    27
  Use: Potion            |       |     8 ||     8
       Scroll            |       |     3 ||     3
 Stab: Sleeping          |     8 |     6 ||    14
Armor: Robe              |    14 |    13 ||    27
       Skin              |       |    26 ||    26
Dodge: Dodged            |    69 |   120 ||   189

Table legend:
 A = Spawn XP
 B = Non-spawn XP
 C = Spawn XP percentage of total XP
 D = Spawn monster count
 E = Non-spawn monster count
 F = Spawn count percentage of total count
 G = Total turns spent on level
                    A         B        C        D         E        F      G
               +---------+---------+-------+---------+---------+-------+---------
         Total |       0 |     526 |   0.0 |       0 |      72 |   0.0 |  3025
               +---------+---------+-------+---------+---------+-------+---------
           D:1 |       0 |      50 |   0.0 |       0 |      27 |   0.0 |  1183
           D:2 |       0 |      69 |   0.0 |       0 |       6 |   0.0 |   474
           D:3 |       0 |     221 |   0.0 |       0 |      26 |   0.0 |   529
           D:4 |       0 |     186 |   0.0 |       0 |      13 |   0.0 |   839
               +---------+---------+-------+---------+---------+-------+---------
